 Dungeon Crawl Stone Soup version 0.17-a0-737-gf0a300a (webtiles) character file.

74 Ngotmuk the Chopper (level 4, -3/40 HPs)
             Began as a Deep Dwarf Fighter on Apr 26, 2015.
             Slain by Ngotmuk's ghost (5 damage)
             ... on level 3 of the Dungeon.
             The game lasted 00:04:43 (1482 turns).

Ngotmuk the Chopper (Deep Dwarf Fighter)            Turns: 1482, Time: 00:04:43

Health: -3/40      AC: 12    Str: 23    XL:     4   Next: 10%
Magic:  4/4        EV:  7    Int:  8    God:
Gold:   112        SH:  0    Dex: 12    Spells: 0 memorised, 3 levels left

rFire  + . .     SeeInvis .     a - +0 war axe
rCold  . . .     Clarity  .     l - +0 plate armour
rNeg   . . .     SustAb   .     (no shield)
rPois  .         Gourm    .     o - +0 helmet
rElec  .         Spirit   .     (no cloak)
rCorr  .         Warding  .     (no gloves)
rMut   .         Stasis   .     (no boots)
MR     .....                    (no amulet)
Stlth  ..........               k - ring of protection from fire
                                q - +2 ring of strength

@: non-regenerating, not resistant to hostile enchantments, extremely unstealthy
A: damage resistance, recharge devices, sense surroundings 1, slow healing 3
a: Device Recharging


You were on level 3 of the Dungeon.
You were not hungry.

You visited 1 branch of the dungeon, and saw 3 of its levels.

You collected 112 gold pieces.

Inventory:

Hand weapons
 a - a +0 war axe (weapon)
Armour
 l - a +0 plate armour (worn)
 o - a +0 helmet (worn)
Jewellery
 b - an uncursed amulet of resist mutation
 i - an uncursed ring of see invisible
 k - a ring of protection from fire (right hand)
 q - a +2 ring of strength (left hand)
Magical devices
 e - a wand of heal wounds (8)
Scrolls
 h - a scroll of remove curse
 j - 2 scrolls of amnesia
Potions
 d - a potion of might
Comestibles
 f - a bread ration


   Skills:
 - Level 2.6 Fighting
 * Level 3.8 Axes
 + Level 3.5 Armour
 + Level 2.2 Dodging
   Level 3.2 Shields


You had 3 spell levels left.
You didn't know any spells.

Dungeon Overview and Level Annotations

Branches:
Dungeon (3/15)

Altars:

Annotations:
D:3 Ngotmuk's ghost, average DDFi


Innate Abilities, Weirdness & Mutations

You are resistant to damage.
You can recharge devices by infusing magical energy.
You passively map a small area around you.
You do not heal naturally.


Message History

Ngotmuk's ghost hits you but does no damage.
You hit Ngotmuk's ghost but do no damage.
Ngotmuk's ghost is heavily damaged.
Ngotmuk's ghost hits you!
* * * LOW HITPOINT WARNING * * *
You slash Ngotmuk's ghost!
Ngotmuk's ghost is severely damaged.
Ngotmuk's ghost barely misses you.
Ngotmuk's ghost shouts, "You must not succeed where I failed!"
Ngotmuk's ghost barely misses you.
You hit Ngotmuk's ghost but do no damage.
Ngotmuk's ghost is severely damaged.
Ngotmuk's ghost closely misses you.
You barely miss Ngotmuk's ghost.
Ngotmuk's ghost is severely damaged.
Ngotmuk's ghost barely misses you.
You hit Ngotmuk's ghost but do no damage.
Ngotmuk's ghost is severely damaged.
Ngotmuk's ghost hits you.
You die...

, * * * , * ##.,, .
* #.. ,... ,,
.####.#, .....,
........ ##... * , ,
, ....##..##... , *
.........†W####* ,
.........@....# *
#..........###....$,
* , ...#..#.<.# * .
* #.....†...<.# , ,
#......####.# ,
#......, ..# ,,
#...... , *.# ,
....## * ., , ... *


You could see Ngotmuk's ghost.

Vanquished Creatures
  An adder (D:2)
  An ooze (D:2)
  2 worms (D:2)
  4 giant geckos
  2 giant cockroaches (D:1)
  7 hobgoblins
  6 jackals
  6 bats
  3 giant newts
  3 goblins
  9 kobolds
  A quokka (D:2)
  6 rats
51 creatures vanquished.

Notes
Turn   | Place    | Note
--------------------------------------------------------------
     0 | D:1      | Ngotmuk, the Deep Dwarf Fighter, began the quest for the Orb.
     0 | D:1      | Reached XP level 1. HP: 20/20 MP: 1/1
    71 | D:1      | Reached XP level 2. HP: 18/27 MP: 2/2
   312 | D:1      | Reached skill level 1 in Dodging
   582 | D:1      | Reached XP level 3. HP: 18/33 MP: 3/3
  1294 | D:2      | Reached XP level 4. HP: 29/40 MP: 4/4
  1465 | D:3      | Noticed Ngotmuk's ghost (average DDFi)
  1478 | D:3      | HP: 2/40 [Ngotmuk's ghost (5)]
  1482 | D:3      | Slain by Ngotmuk's ghost

Action                   |  1- 3 |  4- 6 || total
-------------------------+-------+-------++-------
Melee: War axe           |   140 |    24 ||   164
Evoke: Wand              |     1 |       ||     1
  Use: Scroll            |       |     7 ||     7
  Eat: Meat ration       |     1 |       ||     1
